 Dungeon Crawl Stone Soup version 0.30-a0-928-g7f6bbad527 (webtiles) character file.

Game seed: 9828537226691166520

80 Morbidden the Trooper (level 4, -1/36 HPs)
             Began as a Demonspawn Fighter on Mar 23, 2023.
             Killed from afar by Ijyb (12 damage)
             ... with a bolt of acid
             ... on level 3 of the Dungeon.
             The game lasted 00:01:46 (1971 turns).

Morbidden the Trooper (Demonspawn Fighter)          Turns: 1971, Time: 00:01:47

Health: -1/36      AC:  6    Str: 16    XL:     4   Next: 18%
Magic:  4/4        EV:  9    Int: 12    God:
Gold:   128        SH:  8    Dex: 12    Spells: 4/4 levels left

rFire   . . .      SeeInvis .    a - +0 war axe
rCold   . . .      Faith    .    c - +0 buckler
rNeg    . . .      Spirit   .    b - +0 scale mail
rPois   .          Reflect  .    (no helmet)
rElec   .          Rampage  .    m - +0 cloak
rCorr   .                        (no gloves)
Will    .....                    l - +0 pair of boots Stlth
                                 (no amulet)
HPRegen 0.26/turn                (no ring)
MPRegen 0.09/turn                (no ring)

@: corroded
A: rugged brown scales 1, condensation shield
a: no special abilities


You were on level 3 of the Dungeon.
You visited 1 branch of the dungeon, and saw 3 of its levels.

You collected 128 gold pieces.

Inventory:

Hand Weapons
 a - a +0 war axe (weapon)
Missiles
 g - 5 boomerangs (quivered)
Armour
 b - a +0 scale mail (worn)
 c - a +0 buckler (worn)
 l - a +0 pair of boots (worn)
 m - a +0 cloak (worn)
Scrolls
 e - a scroll of vulnerability {unknown}
 f - a scroll of noise {unknown}
 i - 2 scrolls of enchant armour {unknown}
 j - 2 scrolls of identify {unknown}
 n - a scroll of magic mapping {unknown}
 q - a scroll of blinking {unknown}
Potions
 d - 3 potions of might
 h - a potion of lignification {unknown}
 k - a potion of haste {unknown}
 o - a potion of curing {unknown}
 p - a potion of brilliance {unknown}


   Skills:
 * Level 3.4 Fighting
 * Level 2.6(2.8) Axes
 * Level 1.1(2.1) Polearms
 * Level 3.0 Armour
 * Level 0.4 Dodging
 * Level 3.0 Shields
 * Level 0.5 Spellcasting


You had 4 spell levels left.
You didn't know any spells.
Your spell library contained the following spells:

 Spells                   Type           Power      Damage    Failure   Level
 Cigotuvi's Dreadful Rot  Necr/Pois/Air  0%         N/A       92%         2
 Poisonous Vapours        Pois/Air       0%         N/A       92%         2
 Mephitic Cloud           Conj/Pois/Air  0%         N/A       99%         3


Dungeon Overview and Level Annotations

Branches:
Dungeon (3/15)

Altars:
Dithmenos
Hepliaklqana
Nemelex Xobeh
Okawaru
Ru
Xom

Annotations:
D:3 Ijyb


Innate Abilities, Weirdness & Mutations

You are partially covered in rugged brown scales. (AC +1, +3% HP)
A meltable shield of frost defends you. (SH +4)


Message History

No target in view!
No target in view!
No target in view!
No target in view!
No target in view!
No target in view!
No target in view!
No target in view!
No target in view!
No target in view!
Ijyb the Twisted Goblin comes into view.
She is wielding a +0 dagger and carrying a wand of acid (3).
Ijyb shouts!
Ijyb is nearby!
Ijyb is nearby!
Ijyb zaps a wand.
The bolt of acid hits you!
Ijyb zaps a wand.
The bolt of acid hits you! The acid corrodes you!
You are too injured to fight recklessly!
You are too injured to fight recklessly!
You are too injured to fight recklessly!
You are too injured to fight recklessly!
You are too injured to fight recklessly!
You are too injured to fight recklessly!
You are too injured to fight recklessly!
You are too injured to fight recklessly!
You are too injured to fight recklessly!
You are too injured to fight recklessly!
You are too injured to fight recklessly!
You are too injured to fight recklessly!
You are too injured to fight recklessly!
You are too injured to fight recklessly!
You are too injured to fight recklessly!
You are too injured to fight recklessly!
You are too injured to fight recklessly!
You are too injured to fight recklessly!
You are too injured to fight recklessly!
You are too injured to fight recklessly!
Unknown command.
Unknown command.
You hit Ijyb but do no damage.
Ijyb zaps a wand.
The bolt of acid hits you!
You die...

###### ....#####
####).....#
..##....g.#
#.##...@..#
#.###.##### #
#.##.....#
#.#######.##.....#
#.......#.##.....#
#.............#
#.#.##.#......# #.
#.#.#.........#
#..#.#.#..#......###


You could see Ijyb.

Vanquished Creatures
  A gnoll (D:1)
  An adder (D:2)
  A worm (D:1)
  2 dart slugs
  6 bats
  5 endoplasms
  3 giant cockroaches
  4 goblins
  4 hobgoblins
  3 jackals (D:1)
  4 kobolds
  5 quokkas
  5 ball pythons (D:2)
  2 frilled lizards
  2 rats
  A spectral kobold (D:2)
49 creatures vanquished.

Notes
Turn   | Place    | Note
-------+----------+-------------------------------------------
     0 | D:1      | Morbidden the Demonspawn Fighter began the quest for the
                  | Orb.
     0 | D:1      | Reached XP level 1. HP: 18/18 MP: 1/1
   104 | D:1      | Gained mutation: You are partially covered in rugged brown
                  | scales. (AC +1, +3% HP) [demonic ancestry]
   104 | D:1      | Reached XP level 2. HP: 18/24 MP: 2/2
   366 | D:1      | Gained mutation: A meltable shield of frost defends you.
                  | (SH +4) [demonic ancestry]
   366 | D:1      | Reached XP level 3. HP: 29/29 MP: 3/3
  1141 | D:2      | Reached skill level 1 in Polearms
  1188 | D:2      | Found a faded altar of an unknown god.
  1371 | D:2      | Reached XP level 4. HP: 36/36 MP: 4/4
  1527 | D:2      | Found a shadowy altar of Dithmenos.
  1793 | D:3      | Found an iron altar of Okawaru.
  1795 | D:3      | Found a sparkling altar of Nemelex Xobeh.
  1796 | D:3      | Found a hazy altar of Hepliaklqana.
  1797 | D:3      | Found a shimmering altar of Xom.
  1799 | D:3      | Found a sacrificial altar of Ru.
  1968 | D:3      | Noticed Ijyb
  1971 | D:3      | Killed from afar by Ijyb

Illustrated notes

Levels and vault maps discovered:
D:1:      dpeg_arrival_brainrot, layout_basic, serial_curves, eino_curves_04,
          eino_curves_01
D:2:      minmay_evil_eye, layout_basic,
          dreamdust_ecumenical_altar_drowned_temple, basic_altar
D:3:      layout_basic, minitemple, uniq_ijyb

Skill      XL: |  1  2  3 |
---------------+----------+-----
Axes           | 2 |  2.6
Shields        | 3 |  3.0
Polearms       | 1 |  1.1
Armour         | 3 |  3.0
Fighting       | |  3.4
Dodging        | |  0.4
Spellcasting   | |  0.5

Action                     |  1- 3 |  4- 6 || total
---------------------------+-------+-------++-------
  Melee: War axe           |   111 |    18 ||   129
 Armour: Scale mail        |    56 |     5 ||    61
  Dodge: Dodged            |    51 |     9 ||    60
  Block: Buckler           |    44 |     8 ||    52

Table legend: (Time is in decaauts)
 A = Elapsed time spent in this place.
 B = Non-inter-level travel time spent in this place.
 C = Inter-level travel time spent in this place.
 D = Time resting spent in this place.
 E = Time spent auto-exploring this place.
 F = Levels seen in this place.
 G = Mean time per level.
                   A        B        C        D        E       F      G
               +--------+--------+--------+--------+--------+-----+--------+
         Total |   2034 |   2008 |     26 |    161 |   1479 |   3 |  678.0 |
       Dungeon |   2034 |   2008 |     26 |    161 |   1479 |   3 |  678.0 |
               +--------+--------+--------+--------+--------+-----+--------+

Top non-repeatable levels by time:
     D:1: 999 daAuts
     D:2: 848 daAuts
     D:3: 186 daAuts
